 Dungeon Crawl Stone Soup version 0.31-a0-564-g3b7de120b3 (webtiles) character file.

Game seed: 7107075402919130735

22686 avis the Spry (level 12, -10/56 HPs)
             Began as a Felid Shapeshifter on Aug 16, 2023.
             Was an Initiate of Gozag.
             Killed from afar by an oklob plant (24 damage)
             ... with a splash of acid
             ... on level 5 of the Lair of Beasts on Aug 18, 2023.
             The game lasted 02:34:10 (22569 turns).

avis the Spry (Felid Shapeshifter)                 Turns: 22569, Time: 02:34:10

Health: -10/56     AC:  3    Str: 17    XL:     12   Next: 65%
Magic:  13/13      EV: 31    Int: 10    God:    Gozag
Gold:   742        SH:  0    Dex: 21    Spells: 8/11 levels left
                                        Lives:  0   Deaths: 4

rFire   + .          .
                       - Unarmed
rCold   + . .        (shield unavailable)
rNeg    . . .        (body armour unavailable)
rPois   +            (helmet unavailable)
rElec   .            (cloak unavailable)
rCorr   .            (gloves unavailable)
SInv    +            (boots unavailable)
Will    +....        C - amulet of regeneration
Stlth   ++           g - +4 ring of protection
HPRegen 1.09/turn    F - ring "Locysu Ixau" {rPois rF+ Str+6}
MPRegen 0.13/turn

%: no passive effects
@: flux-form, corroded, glowing, quick
A: glow, contaminating, very small, claws 1, fangs 3, see invisible, speed 1,
shaggy fur 3, stealthy paws, no weapons or thrown items, no armour, multi-lived
a: Begin Untransformation, Renounce Religion, Potion Petition, Call Merchant,
Bribe Branch


You were on level 5 of the Lair of Beasts.
You worshipped Gozag.
Gozag was pleased with you.
You were something dangerously unstable.
You visited 4 branches of the dungeon, and saw 18 of its levels.

You collected 4587 gold pieces.
You spent 2249 gold pieces at shops.
You paid 1596 gold pieces to Gozag.

Inventory:

Jewellery
 g - a +4 ring of protection (left paw)
 o - an amulet of the acrobat
 q - a ring of fire
 s - an amulet of guardian spirit
 w - a ring of protection from cold
 x - a ring of protection from cold
 B - an amulet of faith
 C - an amulet of regeneration (around neck)
 D - a ring of willpower
 F - the ring "Locysu Ixau" (right paw) {rPois rF+ Str+6}
   (You found it on level 10 of the Dungeon)

   [ring of protection from fire]

   Str+6:     It affects your strength (+6).
   rF+:       It protects you from fire.
   rPois:     It protects you from poison
 O - a ring of magical power
 P - a ring of poison resistance
Talismans
 b - a beast talisman
 c - a flux talisman (active)
Wands
 A - a wand of flame (2)
 J - a wand of charming (9)
 N - a wand of iceblast (7)
Scrolls
 d - 4 scrolls of fear {unknown}
 e - a scroll of blinking
 m - 2 scrolls of enchant armour
 p - 7 scrolls of poison {unknown}
 r - 4 scrolls of vulnerability {unknown}
 u - 2 scrolls of identify
 v - a scroll of amnesia
 y - a scroll of enchant weapon {unknown}
 E - 6 scrolls of teleportation {unknown}
 K - a scroll of fog
 M - 2 scrolls of noise {unknown}
Potions
 a - 5 potions of lignification
 f - a potion of heal wounds
 h - 3 potions of brilliance
 i - 7 potions of curing
 j - 5 potions of mutation
 k - 5 potions of cancellation
 l - 3 potions of resistance
 n - a potion of berserk rage
 t - 2 potions of attraction
 G - a potion of enlightenment
 H - a potion of haste
 I - 3 potions of might
 L - a potion of invisibility
 Q - a potion of magic {unknown}
Miscellaneous
 z - a phial of floods
 R - a lightning rod (4/4)


   Skills:
 - Level 8.3 Fighting
 - Level 15.7 Dodging
 - Level 10.0 Stealth
 - Level 12.8 Unarmed Combat
 * Level 8.9 Fire Magic
 - Level 13.0 Shapeshifting


You had 8 spell levels left.
You knew the following spells:

 Your Spells              Type           Power      Damage    Failure   Level
a - Foxfire               Conj/Fire      32%        2x1d5     6%          1
b - Passwall              Tmut/Erth      0%         N/A       50%         2

Your spell library contained the following spells:

 Spells                   Type           Power      Damage    Failure   Level
 Freeze                   Ice            0%         1d3       36%         1
 Sandblast                Erth           0%         2d4       36%         1
 Dazzling Flash           Conj/Hex       0%         N/A       75%         3
 Frozen Ramparts          Ice            0%         1d1       75%         3
 Hailstorm                Conj/Ice       0%         3d3       75%         3
 Stone Arrow              Conj/Erth      0%         3d7       75%         3
 Tukima's Dance           Hex            0%         N/A       75%         3
 Iskenderun's Mystic Bla  Conj/Tloc      0%         2d3       98%         4
 Passage of Golubria      Tloc           0%         N/A       98%         4
 Summon Lightning Spire   Summ/Air       0%         N/A       98%         4
 Agony                    Necr           0%         N/A       100%        5
 Lee's Rapid Deconstruct  Erth           0%         3d4*      100%        5
 Silence                  Hex/Air        0%         N/A       100%        5
 Yara's Violent Unravell  Hex/Tmut       0%         3d3       100%        5
 Plasma Beam              Fire/Air       4%         2x1d14    100%        6
 Starburst                Conj/Fire      4%         6d3       100%        6
 Portal Projectile        Hex/Tloc       Unusable   N/A       N/A         3
 Animate Armour           Summ/Erth      Unusable   N/A       N/A         4

Dungeon Overview and Level Annotations

Branches:
Dungeon (11/15)            Temple (1/1) D:4            Lair (5/5) D:10
  Swamp (0/4) Lair:3       Spider (1/4) Lair:2        Slime (0/5) Lair:5
    Orc (0/2) D:9

Altars:
Ashenzari
Cheibriados
Dithmenos
Elyvilon
Fedhas
Gozag
Hepliaklqana
Kikubaaqudgha
Makhleb
Nemelex Xobeh
Okawaru
Qazlal
Ru
Sif Muna
Trog
Uskayaw
Vehumet
Wu Jian
Xom
Yredelemnul
Zin
The Shining One
Jiyva

Shops:
D:4 =   D:10 :   Lair:1 *   Lair:5 *

Annotations:
D:9 Glass case, need LRD
Lair:5 exclusions: obsidian statue and 4 oklob plants


Innate Abilities, Weirdness & Mutations

You are something dangerously unstable.
You glow with magical radiation, making you easy to see and hit.
Foes you strike become dangerously contaminated with magical radiation.
You have sharp claws.
You have razor-sharp teeth.
You have supernaturally acute eyesight. (SInv)
You cover ground quickly. (Speed+)
Your thick and shaggy fur keeps you warm. (AC +3, rC+)
Your paws help you pounce on unaware monsters.
You are incapable of wielding weapons or throwing items.
You cannot wear armour.
You gain extra lives every three experience levels.


Message History

You climb downwards.
There is a stone staircase leading up here.
There is a stone staircase leading down here.
You climb downwards.
There is a stone staircase leading up here.
There is a stone staircase leading down here.
You climb downwards.
There is a stone staircase leading up here.
There is a stone staircase leading down, spattered with blood here.
You climb downwards.
Level annotation: exclusions: obsidian statue and 2 oklob plants
There is a stone staircase leading up here.
Okay, then. [a] 655 gold - Ceetsuo's Assorted Antiques [b] 588 gold - Hiydytut's Book Shoppe [c] 531 gold - Oskuss's Distillery Fund which merchant?
Ceetsuo invites you to visit his Assorted Antiques.
u - 2 scrolls of identify (gained 1)
E - 6 scrolls labelled UVVIOL ETISI (gained 1)
j - 5 potions of mutation (gained 1)
You no longer have enough gold to fund merchants seeking to open stores in the dungeon.
R - a lightning rod (4/4) Thank you for shopping at Ceetsuo's Assorted Antiques!
You can access your shopping list by pressing '$'.
An oklob plant comes into view.
Marking area around an oklob plant as unsafe for travelling.
An oklob plant comes into view.
Found a staircase to the Slime Pits.
Marking area around an oklob plant as unsafe for travelling.
The oklob plant spits acid at you. The splash of acid hits you!!
The oklob plant spits acid at you. The splash of acid hits you!!
* * * LOW HITPOINT WARNING * * *
The acid corrodes you! The oklob plant spits acid at you.
The splash of acid hits you!!
You die...
Your body crumbles into a pile of gold.

##......## ##
#........# #####.
#..##....## #.##.#
#..###....## ###.....
#...##.....#####.......
#....###...............
#....# ##....##........
##...####....##.###.##.
#....B###..####....#.#
#.._P.# ###.###.......
#..P..# ##........P..
##P.>..


#.P.PPPPPP.PP #....## #...PP~~~~~~~ ###.#. #...PP~~~~~~~ #.#####...PP~~~~~~~
###..#P...PPPPPPPPP ###......PP.......... You could see 3 oklob plants.

Vanquished Creatures
  A broodmother (Spider:1)
  2 dire elephants (Lair:5)
  An entropy weaver (Spider:1)
  The ghost of hgbash the Nimble, a journeyman MfSh of Wu Jian (D:10)
  3 hydras
  A jorogumo (Spider:1)
  Erica (Lair:2)
  10 two-headed ogres
  3 death yaks (Lair:1)
  A spectral dire elephant (Lair:5)
  A tengu warrior (D:10)
  Amaemon (Lair:3)
  A skyshark (Lair:3)
  A spectral death yak (Lair:5)
  A pharaoh ant (Spider:1)
  A spectral anaconda (Lair:5)
  A deep troll (Lair:1)
  3 orb spiders (Spider:1)
  A lindwurm (Lair:5)
  A steelbarb worm (Spider:1)
  Pikel (D:9)
  4 necromancers (Lair:5)
  2 wolf spiders (Spider:1)
  3 oklob plants (Lair:1)
  A cyclops (D:11)
  6 black mambas
  2 moths of wrath
  15 elephants
  An orange demon (Lair:3)
  16 cane toads
  9 komodo dragons
  A dire elephant skeleton (Lair:5)
  2 rime drakes
  2 polar bears (Lair:5)
  4 hornets
  A troll (D:10)
  A tarantella (Spider:1)
  A spectral elephant (Lair:5)
  A tyrant leech (Lair:3)
  9 blink frogs
  4 jumping spiders
  A shadow (D:11)
  2 wraiths
  2 culicivoras (Spider:1)
  5 wyverns
  2 basilisks
  A human (D:9)
  31 yaks
  12 redbacks (Spider:1)
  A steam dragon (D:9)
  A swamp worm (Lair:3)
  3 spectral cane toads (Lair:5)
  A warg (D:9)
  10 water moccasins
  A floating eye (Lair:1)
  An acid dragon (D:10)
  An ice beast (D:6)
  3 black bears
  5 orc warriors
  An ogre (D:6)
  12 wolves
  5 centaurs
  Blork the orc (D:6)
  3 kobold brigands
  20 bullfrogs
  3 scorpions
  3 cane toad simulacra (Lair:5)
  12 wights
  4 killer bees (D:8)
  3 howler monkeys
  3 gnoll boudas
  A jelly (D:6)
  2 hounds
  9 orc priests
  4 iguanas
  10 orc wizards
  7 adders
  15 gnolls
  3 white imps
  5 dart slugs
  40 orcs
  10 endoplasms
  5 giant cockroaches
  11 goblins
  8 hobgoblins
  10 jackals
  A quokka (D:3)
  6 ball pythons
  12 bats
  21 kobolds
  7 rats
462 creatures vanquished.

Vanquished Creatures (collateral kills)
  9 foxfires (Lair:1)
9 creatures vanquished.

Vanquished Creatures (others)
  A torpor snail (Spider:1)
  A culicivora (Spider:1)
  An orc (D:9)
  A kobold (D:1)
  296 foxfires
300 creatures vanquished.

Grand Total: 771 creatures vanquished

Notes
Turn   | Place    | Note
-------+----------+-------------------------------------------
     0 | D:1      | avis the Felid Shapeshifter began the quest for the Orb.
     0 | D:1      | Reached XP level 1. HP: 9/9 MP: 2/2
    73 | D:1      | Reached skill level 3 in Dodging
    73 | D:1      | Reached XP level 2. HP: 9/12 MP: 3/3
   529 | D:2      | Reached skill level 1 in Stealth
   678 | D:2      | Reached XP level 3. HP: 13/15 MP: 4/4
  1479 | D:2      | Reached XP level 4. HP: 19/19 MP: 5/5
  1617 | D:3      | Reached skill level 4 in Dodging
  1867 | D:3      | Found a shimmering blue altar of Sif Muna.
  1954 | D:3      | Killed from afar by an orc wizard
  1955 | D:3      | Reached XP level 3. HP: 0/16 MP: 4/4
  2094 | D:3      | Reached XP level 4. HP: 7/19 MP: 5/5
  2413 | D:4      | Noticed a scorpion
  2413 | D:4      | Found Cair's Jewellery Boutique.
  2462 | D:4      | Noticed a centaur
  2521 | D:4      | Found a staircase to the Ecumenical Temple.
  2680 | D:4      | Reached XP level 5. HP: 22/22 MP: 6/6
  2699 | D:4      | Reached skill level 5 in Dodging
  2776 | D:4      | Noticed a water moccasin
  2782 | D:4      | Killed a water moccasin
  2783 | D:4      | Gained mutation: You are covered in thick fur. (AC +2)
                  | [Felid growth]
  2783 | D:4      | Reached XP level 6. HP: 21/26 MP: 7/7
  3070 | D:4      | Reached skill level 5 in Unarmed Combat
  3155 | Temple   | Entered the Ecumenical Temple
  3200 | Temple   | Became a worshipper of Gozag Ym Sagoz the Greedy
  3324 | D:4      | Reached skill level 6 in Dodging
  3455 | D:4      | Reached XP level 7. HP: 29/30 MP: 8/8
  3562 | D:5      | Entered Level 5 of the Dungeon
  4020 | D:5      | Reached skill level 7 in Dodging
  4908 | D:6      | Reached XP level 8. HP: 29/34 MP: 9/9
  5044 | D:6      | Reached skill level 8 in Dodging
  5176 | D:6      | Reached skill level 5 in Shapeshifting
  5228 | D:6      | Noticed Blork the orc
  5234 | D:6      | Killed Blork the orc
  5609 | D:6      | Reached skill level 9 in Dodging
  5777 | D:6      | Identified the +0 leather armour of Distant Shores {rF+
                  | Dex+5 Slay-4}
  6135 | D:6      | Reached XP level 9. HP: 32/39 MP: 10/10
  6790 | D:7      | Reached skill level 10 in Dodging
  7830 | D:8      | Reached skill level 11 in Dodging
  8325 | D:4      | Bought an amulet of regeneration for 420 gold pieces
  8551 | D:9      | Noticed Pikel
  8716 | D:9      | Reached XP level 10. HP: 43/43 MP: 11/11
  8796 | D:9      | Noticed a manticore
  8796 | D:9      | Noticed a manticore
  8796 | D:9      | Noticed a cyclops
  8796 | D:9      | Noticed a centaur warrior
  8796 | D:9      | Noticed a cyclops
  8805 | D:9      | Noticed a cyclops
  8805 | D:9      | Noticed a gargoyle
  8806 | D:9      | Noticed a manticore
  8806 | D:9      | Noticed a red ugly thing
  8955 | D:9      | Reached skill level 5 in Fighting
  9091 | D:9      | Reached skill level 12 in Dodging
  9091 | D:9      | Killed from afar by an orc priest
  9092 | D:9      | Reached XP level 9. HP: -6/40 MP: 10/10
  9152 | D:9      | Noticed a two-headed ogre
  9192 | D:8      | Killed a two-headed ogre
  9193 | D:8      | Reached skill level 10 in Unarmed Combat
  9286 | D:9      | Found a staircase to the Orcish Mines.
  9642 | D:9      | Reached skill level 13 in Dodging
  9642 | D:9      | Reached XP level 10. HP: 44/44 MP: 11/11
  9646 | D:9      | Reached skill level 5 in Stealth
  9771 | D:9      | Upgraded the game from 0.31-a0-557-g6e16503903 to
                  | 0.31-a0-564-g3b7de120b3
  9793 | D:10     | Entered Level 10 of the Dungeon
  9911 | D:10     | Identified the ring "Locysu Ixau" {rPois rF+ Str+6}
  9928 | D:10     | Noticed a two-headed ogre
  9928 | D:10     | Noticed a two-headed ogre
  9930 | D:10     | Noticed a two-headed ogre
  9930 | D:10     | Noticed a two-headed ogre
  9932 | D:10     | Found a bloodstained altar of Trog.
  9932 | D:10     | Noticed hgbash's ghost (journeyman MfSh)
  9932 | D:10     | Noticed a tengu warrior
  9933 | D:10     | Noticed a moth of wrath
  9937 | D:10     | Found a transporter.
  9940 | D:10     | Noticed a two-headed ogre
  9941 | D:10     | Found a transporter.
 10055 | D:10     | Noticed a two-headed ogre
 10197 | D:10     | Killed a two-headed ogre
 10281 | D:10     | Found a staircase to the Lair.
 10396 | D:10     | Found Adghaoc's Book Boutique.
 10500 | D:10     | Found a white marble altar of Elyvilon.
 10600 | D:10     | Identified the +0 robe of Kuqukoef {rF+ Dex+6 SInv}
 10611 | D:10     | Reached XP level 11. HP: 42/48 MP: 12/12
 10650 | D:10     | Reached skill level 14 in Dodging
 10871 | D:11     | Noticed a two-headed ogre
 10877 | D:11     | Killed a two-headed ogre
 11243 | D:11     | Noticed a two-headed ogre
 11254 | D:11     | Killed a two-headed ogre
 11298 | D:11     | Noticed a two-headed ogre
 11305 | D:11     | Killed a two-headed ogre
 11526 | Lair:1   | Entered Level 1 of the Lair of Beasts
 11848 | Lair:1   | Noticed an oklob plant
 12009 | Lair:1   | Noticed a deep troll
 12021 | Lair:1   | Killed a deep troll
 12150 | Lair:1   | Noticed an oklob plant
 12272 | Lair:1   | Noticed an oklob plant
 12983 | Lair:2   | Found a hole to the Spider Nest.
 13017 | Lair:2   | Noticed a death yak
 13041 | Lair:2   | Noticed a death yak
 13070 | Lair:2   | Noticed Erica
 13079 | Lair:2   | Killed Erica
 13171 | Lair:2   | Noticed a death yak
 13195 | Lair:1   | Gained mutation: Your thick and shaggy fur keeps you warm.
                  | (AC +3, rC+) [Felid growth]
 13195 | Lair:1   | Reached XP level 12. HP: 45/53 MP: 13/13
 13220 | Lair:1   | Killed a death yak
 13400 | Lair:1   | Killed a death yak
 13439 | Lair:1   | Reached skill level 10 in Shapeshifting
 13550 | Lair:1   | Killed a death yak
 13575 | Lair:1   | Bought a potion of lignification for 69 gold pieces
 13575 | Lair:1   | Bought an orange potion for 20 gold pieces
 13575 | Lair:1   | Bought a scroll labelled UTOFRU GACUKK for 23 gold pieces
 13575 | Lair:1   | Bought a scroll labelled UTOFRU GACUKK for 23 gold pieces
 13575 | Lair:1   | Bought a short glass wand for 92 gold pieces
 13575 | Lair:1   | Bought a wand of charming (5) for 276 gold pieces
 14712 | Lair:3   | Noticed a seven-headed hydra
 14722 | Lair:3   | Killed a seven-headed hydra
 14861 | Lair:3   | Noticed a seven-headed hydra
 14875 | Lair:3   | Killed a seven-headed hydra
 14886 | Lair:3   | Found a staircase to the Swamp.
 15059 | Lair:3   | Noticed Amaemon
 15710 | Lair:4   | Reached XP level 13. HP: 49/57 MP: 14/14
 16432 | Lair:3   | Killed Amaemon
 16433 | Lair:3   | Reached skill level 15 in Dodging
 16562 | Lair:5   | Entered Level 5 of the Lair of Beasts
 16837 | Lair:5   | Found a viscous altar of Jiyva.
 17281 | Lair:5   | Reached skill level 10 in Stealth
 17383 | Lair:5   | Found a blossoming altar of Fedhas.
 17427 | Lair:5   | Learned a level 1 spell: Foxfire
 17702 | Lair:5   | Noticed a dire elephant
 17702 | Lair:5   | Noticed a dire elephant
 17734 | Lair:5   | Reached skill level 1 in Fire Magic
 18054 | Lair:5   | Reached skill level 5 in Fire Magic
 18080 | Lair:5   | Identified the staff of the Lesser Evil {rC+ Will+ Str+3
                  | Ice}
 18179 | Lair:5   | Killed a dire elephant
 18186 | Lair:5   | Killed a dire elephant
 18532 | Lair:5   | HP: 1/58 [oklob plant/splash of acid (24)]
 19026 | D:9      | Killed Pikel
 19107 | D:9      | Learned a level 2 spell: Passwall
 19295 | D:10     | Reached XP level 14. HP: 63/63 MP: 6/15
 19315 | D:10     | Killed hgbash's ghost
 20163 | Spider:1 | Entered Level 1 of the Spider Nest
 20526 | Spider:1 | Slain by a jorogumo
 20527 | Spider:1 | Reached XP level 13. HP: -2/51 MP: 11/14
 20543 | Spider:1 | HP: 2/59 [redback[a jorogumo] (15)]
 21310 | Spider:1 | Noticed a broodmother
 21347 | Spider:1 | Killed a broodmother
 21527 | Spider:1 | Identified the +2 trident "Ehungunu" {elec, rCorr Stlth+}
 21648 | Spider:1 | Identified the +5 war axe "Elet" {venom, rPois Dex+2}
 22240 | Lair:1   | Killed from afar by an oklob plant
 22241 | Lair:1   | Reached XP level 12. HP: -6/56 MP: 13/13
 22525 | Lair:5   | Bought a scroll of identify for 52 gold pieces
 22525 | Lair:5   | Bought a scroll labelled UVVIOL ETISI for 26 gold pieces
 22525 | Lair:5   | Bought a potion of mutation for 208 gold pieces
 22525 | Lair:5   | Bought a lightning rod (4/4) for 1040 gold pieces
 22564 | Lair:5   | Found a staircase to the Slime Pits.
 22569 | Lair:5   | Killed from afar by an oklob plant

Illustrated notes

Levels and vault maps discovered:
D:1:      minmay_arrival_wavy_path, layout_rooms, lemuel_flame_loot_1
D:2:      layout_basic, chequers_serial_rivers_small_3,
          hangedman_decor_peaks_small, nicolae_the_louvre
D:3:      layout_loops_cross, lemuel_crystal_altar
D:4:      layout_rooms, minmay_temple_entry_trees, serial_shops, shop,
          roderic_batcave, abandoned_shop, nzn_random_ring
D:5:      layout_basic
D:6:      layout_basic, serial_co_window_serial, co_window_paths_a,
          co_window_paths_b, co_window_corner_a, co_window_corner_a,
          co_window_corner_a, co_window_paths_a, co_window_corner_a,
          co_window_paths_a, co_window_corner_a, co_window_corner_b,
          co_window_corner_b, co_window_unsneaky_path_b, co_window_cross_4,
          glass_columns_b, glass_columns_b, glass_columns_c, uniq_blork_the_orc
D:7:      layout_rooms
D:8:      layout_loops_cross, minivault_25, chequers_serial_rivers_large_a
D:9:      layout_stronghold, erik_orc_4, minivault_12, uniq_pikel
D:10:     layout_roguey, elyvilon_altar_5, minmay_lair_entry_grove,
          gammafunk_ghost_wrathful_warriors, serial_shops,
          nicolae_shop_back_alley_shop, serial_glass, glass_columns_a,
          glass_columns_a
D:11:     layout_basic
Temple:   mainiacjoe_temple_cubbyholes
Lair:1:   dreamdust_cave_troll, layout_small_grid, disabler_island
Lair:2:   layout_misc_corridors, spider_nest_entry_a, minivault_19,
          beast_lair_carwin_9, uniq_erica
Lair:3:   layout_regular_city, palyth_hydra_swamp_entry, serial_bayou,
          serial_bayou_crossing, serial_bayou_lagoon_a, serial_bayou_pond_d,
          serial_bayou_pond_e, serial_bayou_shore_a, uniq_amaemon
Lair:4:   layout_cave_shapes
Lair:5:   due_jungle_book, layout_gridlike, minmay_slime_entry_oklob_enclosed,
          tgw_fedhas
Spider:1: layout_chambers, hellmonk_spider_spawner

Skill      XL: |  1  2  3  4  5  6  7  8  9 10 11 12 13 |
---------------+----------------------------------------+-----
Dodging        | 3 4 5 6 7 9 13 12 14 15 | 15.7
Stealth        | 1 2 3 4 6 8 10 | 10.0
Unarmed Combat | 4 5 6 7 10 11 12 | 12.8
Fighting       | 2 3 4 5 6 8 |  8.3
Shapeshifting  | 4 5 6 8 12 13 | 13.0
Fire Magic     | 8 |  8.9

Action                     |  1- 3 |  4- 6 |  7- 9 | 10-12 | 13-15 || total
---------------------------+-------+-------+-------+-------+-------++-------
  Melee: Unarmed           |   102 |   138 |   417 |   596 |   547 ||  1800
         Punch             |     3 |     2 |    24 |    13 |       ||    42
         Bite              |     3 |    17 |    46 |    93 |    95 ||   254
   Cast: Foxfire           |       |       |       |       |   194 ||   194
 Invoke: Call Merchant     |       |       |       |     2 |       ||     2
         Potion Petition   |       |       |       |       |     1 ||     1
  Evoke: Wand              |       |       |     5 |    28 |     2 ||    35
         Phial of floods   |       |       |       |       |     1 ||     1
    Use: Scroll            |       |     4 |     4 |    10 |       ||    18
         Potion            |       |       |       |       |     7 ||     7
   Stab: Sleeping          |     2 |     6 |     5 |     4 |     2 ||    19
         Distracted        |       |     1 |       |     8 |     7 ||    16
 Armour: Skin              |    11 |    23 |    35 |    36 |    39 ||   144
  Dodge: Dodged            |    90 |   127 |   372 |   499 |   596 ||  1684
   Form: Flux              |       |       |       |     2 |       ||     2
         Beast             |       |       |       |     1 |       ||     1

Table legend: (Time is in decaauts)
 A = Elapsed time spent in this place.
 B = Non-inter-level travel time spent in this place.
 C = Inter-level travel time spent in this place.
 D = Time resting spent in this place.
 E = Time spent auto-exploring this place.
 F = Levels seen in this place.
 G = Mean time per level.
                   A        B        C        D        E       F      G
               +--------+--------+--------+--------+--------+-----+--------+
         Total |  19186 |  16754 |   2432 |   3020 |   6790 |  18 | 1065.9 |
       Dungeon |  10385 |   9035 |   1350 |   1396 |   4048 |  11 |  944.1 |
        Temple |     79 |     12 |     67 |      0 |      0 |   1 |   79.0 |
          Lair |   7265 |   6283 |    982 |   1395 |   2056 |   5 | 1453.0 |
   Spider Nest |   1457 |   1424 |     33 |    229 |    685 |   1 | 1457.0 |
               +--------+--------+--------+--------+--------+-----+--------+

Top non-repeatable levels by time:
  Lair:1: 2465 daAuts
  Lair:5: 1790 daAuts
Spider:1: 1457 daAuts
     D:9: 1381 daAuts
     D:6: 1317 daAuts
    D:10: 1277 daAuts
  Lair:2: 1178 daAuts
  Lair:3: 1161 daAuts
     D:4: 1042 daAuts
     D:8: 1016 daAuts
     D:2: 966 daAuts
     D:5: 942 daAuts
     D:7: 744 daAuts
     D:3: 736 daAuts
  Lair:4: 668 daAuts
